 Dungeon Crawl Stone Soup version 0.29-a0-676-ga64570c9d2 (webtiles) character file.

Game seed: 3581479668015127413

1312 hquester1 the Skirmisher (level 8, -10/71 HPs)
             Began as a Minotaur Fighter on June 24, 2022.
             Was a Believer of Okawaru.
             Mangled by a red ugly thing (19 damage)
             ... on level 5 of the Dungeon.
             The game lasted 00:10:28 (5271 turns).

hquester1 the Skirmisher (Minotaur Fighter)         Turns: 5271, Time: 00:10:30

Health: -10/71     AC: 11    Str: 22    XL:     8   Next: 32%
Magic:  9/9        EV: 12    Int:  5    God:    Okawaru [**....]
Gold:   236        SH:  5    Dex: 11    Spells: 7/7 levels left

rFire   . . .      SeeInvis .   a - +1 flail
rCold   . . .      Faith    .   c - +0 buckler
rNeg    . . .      Spirit   .   j - +0 swamp dragon scales
rPois   +          Reflect  .   (helmet restricted)
rElec   .          Harm     .   r - +1 cloak
rCorr   .          Rampage  .   (no gloves)
Will    +....                   (no boots)
Stlth   +.........              (no amulet)
HPRegen 0.21/turn               s - ring of willpower
MPRegen 0.11/turn               B - ring of poison resistance

@: no status effects
A: horns 2, retaliatory headbutt
a: Renounce Religion, Heroism


You were on level 5 of the Dungeon.
You worshipped Okawaru.
Okawaru was pleased with you.
You visited 2 branches of the dungeon, and saw 7 of its levels.

You collected 236 gold pieces.

Inventory:

Hand Weapons
 a - a +1 flail (weapon)
Armour
 c - a +0 buckler (worn)
 j - +0 swamp dragon scales (worn)
 r - a +1 cloak (worn)
Jewellery
 p - a ring of fire
 s - a ring of willpower (left hand)
 B - a ring of poison resistance (right hand)
Scrolls
 f - a scroll of enchant armour
 g - a scroll of fear
 h - 3 scrolls of teleportation
 k - a scroll of amnesia
 l - 2 scrolls of enchant weapon
 n - a scroll of immolation {unknown}
 o - a scroll of blinking {unknown}
 q - a scroll of vulnerability
 t - a scroll of noise {unknown}
 w - a scroll of fog {unknown}
 y - a scroll of magic mapping {unknown}
Potions
 b - a potion of haste {unknown}
 d - a potion of might
 e - a potion of curing
 i - 2 potions of lignification
 m - 4 potions of heal wounds
 u - 3 potions of ambrosia
 v - 3 potions of degeneration {unknown}
 x - a potion of mutation {unknown}
 z - a potion of cancellation {unknown}
 A - a potion of magic {unknown}


   Skills:
 + Level 6.3 Fighting
 + Level 5.6 Maces & Flails
 + Level 6.2 Armour
 + Level 4.4 Dodging
 + Level 6.2 Shields
 + Level 2.9 Invocations


You had 7 spell levels left.
You didn't know any spells.
Your spell library contained the following spells:

 Spells                   Type           Power      Damage    Failure   Level
 Sandblast                Erth           0%         2d4       71%         1
 Blink                    Tloc           0%         N/A       83%         2
 Passwall                 Tmut/Erth      0%         N/A       83%         2
 Static Discharge         Conj/Air       0%         N/A       83%         2
 Lesser Beckoning         Tloc           0%         N/A       97%         3
 Stone Arrow              Conj/Erth      0%         3d7       97%         3
 Lightning Bolt           Conj/Air       0%         1d11      100%        5
 Manifold Assault         Tloc           0%         N/A       100%        5
 Maxwell's Capacitive Co  Air            0%         ∞         100%        8


Dungeon Overview and Level Annotations

Branches:
Dungeon (6/15)             Temple (1/1) D:4

Altars:
Ashenzari
Cheibriados
Dithmenos
Fedhas
Gozag
Hepliaklqana
Kikubaaqudgha
Makhleb
Nemelex Xobeh
Okawaru
Qazlal
Ru
Sif Muna
Trog
Uskayaw
Vehumet
Wu Jian
Xom
Yredelemnul
Zin
The Shining One

Shops:
D:1 =


Innate Abilities, Weirdness & Mutations

You have a pair of horns on your head.
You reflexively headbutt those who attack you in melee.


Message History

The red ugly thing barely misses you. You furiously retaliate!
You headbutt the red ugly thing. The white imp gestures at you.
The puff of frost hits you. You block the ice beast's attack.
You climb upwards.
There is a stone staircase leading down here.
You barely miss the white imp.
The white imp hits you but does no damage.
You thump the white imp! You headbutt the white imp.
The white imp is almost dead.
The white imp barely misses you. You furiously retaliate!
You headbutt the white imp, but do no damage.
The red ugly thing gores you.
You are engulfed in flames!
You hit the white imp but do no damage. Your headbutt misses the white imp.
The white imp is almost dead.
The white imp shouts, "Leave, thou horrid knotty-pated calf-wit!"
The white imp barely misses you. You furiously retaliate!
You headbutt the white imp, but do no damage.
The red ugly thing closely misses you.
You closely miss the white imp. Your headbutt misses the white imp.
The white imp is almost dead.
The white imp gestures at you. The puff of frost hits you.
* * * LOW HITPOINT WARNING * * *
The red ugly thing closely misses you.
You sock the white imp!
You kill the white imp!
Okawaru accepts your kill. The red ugly thing barely misses you.
You hit the red ugly thing.
The red ugly thing is lightly wounded.
The red ugly thing barely misses you. You furiously retaliate!
You headbutt the red ugly thing. You closely miss the red ugly thing.
Your headbutt misses the red ugly thing.
The red ugly thing is lightly wounded.
The red ugly thing gores you!
* * * LOW HITPOINT WARNING * * *
You are engulfed in flames!!
You die...

#.##........#
####.###..########
#......##.#.......
#.#######'####.###
#.# #......# # #.#
#..###.# # #Y#
##.# #.### #u# #.#
#.... #@# #.#
#.### #†########.#
#.# #.##<......#
#.# #.##.#####.#
#.### #.##># #.#
#.... #.##.# #.#
##### #.##.## #.#
#.....# ##.####
####..# #.....#


You could see a red ugly thing and an ice beast.

Vanquished Creatures
  A water moccasin (D:5)
  A sky beast (D:5)
  4 ogres
  A centaur (D:6)
  A phantom (D:5)
  A bullfrog (D:5)
  A necrophage (D:5)
  A scorpion (D:5)
  A howler monkey (D:5)
  A hound (D:5)
  3 jellies
  Terence (D:2)
  2 iguanas
  Ijyb (D:3)
  3 gnolls (D:5)
  4 adders
  2 shadow imps (D:5)
  A white imp (D:5)
  3 worms (D:2)
  2 dart slugs
  13 orcs
  7 bats
  5 endoplasms
  2 giant cockroaches
  3 goblins
  9 hobgoblins
  4 jackals (D:1)
  5 kobolds
  2 quokkas
  5 ball pythons
  2 frilled lizards (D:3)
  5 rats
97 creatures vanquished.

Notes
Turn   | Place    | Note
-------+----------+-------------------------------------------
     0 | D:1      | hquester1 the Minotaur Fighter began the quest for the Orb.
     0 | D:1      | Reached XP level 1. HP: 19/19 MP: 0/0
   232 | D:1      | Reached XP level 2. HP: 27/27 MP: 1/1
   250 | D:1      | Found Zosa's Jewellery Emporium.
   567 | D:1      | Found a faded altar of an unknown god.
  1202 | D:2      | Reached skill level 1 in Dodging
  1217 | D:2      | Reached XP level 3. HP: 31/33 MP: 2/2
  1271 | D:2      | Noticed Terence
  1278 | D:2      | Killed Terence
  1493 | D:2      | Noticed an ogre
  1505 | D:2      | Killed an ogre
  1506 | D:2      | Reached XP level 4. HP: 29/41 MP: 3/3
  1506 | D:2      | Reached XP level 5. HP: 33/47 MP: 4/4
  2392 | D:3      | Noticed Ijyb
  2410 | D:3      | Killed Ijyb
  2777 | D:4      | Found a staircase to the Ecumenical Temple.
  2786 | Temple   | Entered the Ecumenical Temple
  3103 | Temple   | Became a worshipper of Warmaster Okawaru
  3372 | D:4      | Found a sacrificial altar of Ru.
  3389 | D:4      | Reached XP level 6. HP: 55/55 MP: 5/5
  3795 | D:5      | Entered Level 5 of the Dungeon
  3806 | D:5      | Reached skill level 5 in Fighting
  3806 | D:5      | Reached skill level 5 in Shields
  3899 | D:5      | Reached skill level 5 in Armour
  4194 | D:5      | Noticed a water moccasin
  4207 | D:5      | Killed a water moccasin
  4207 | D:5      | Reached * piety under Okawaru
  4208 | D:5      | Reached skill level 1 in Invocations
  4208 | D:5      | Reached XP level 7. HP: 40/61 MP: 6/6
  4772 | D:6      | Reached skill level 5 in Maces & Flails
  4800 | D:6      | Noticed a gargoyle
  4800 | D:6      | Noticed a red ugly thing
  4825 | D:5      | Reached XP level 8. HP: 18/70 MP: 8/8
  5259 | D:5      | Reached ** piety under Okawaru
  5271 | D:5      | Mangled by a red ugly thing

Illustrated notes

Levels and vault maps discovered:
D:1:      minmay_arrival_up_and_down, layout_basic, serial_shops,
          nicolae_shop_waterfront, shapermc_ecumenical_altar_mp_vishouse,
          serial_glass, glass_columns_c, glass_columns_a, roderic_lattice_a,
          minmay_misc_feat_x
D:2:      layout_loops_cross, kennysheep_decorative_pillar, uniq_terence
D:3:      minmay_door_path, layout_basic, uniq_ijyb
D:4:      layout_loops_ring, mainiacjoe_overflow_paths, temple_hall
D:5:      layout_loops_ring, kennysheep_cross_room, grunt_ministairs_14
D:6:      cheibrodos_fzero, layout_loops_ring, kennysheep_generic_room_8,
          uniq_crazy_yiuf_cottage
Temple:   mainiacjoe_temple_big_plus

Skill      XL: |  1  2  3  4  5  6  7  8 |
---------------+-------------------------+-----
Dodging        | 1 2 3 4 |  4.4
Fighting       | 4 5 6 |  6.3
Armour         | 4 5 6 |  6.2
Shields        | 4 5 6 |  6.2
Maces & Flails | 3 4 5 |  5.6
Invocations    | 1 2 |  2.9

Action                   |  1- 3 |  4- 6 |  7- 9 || total
-------------------------+-------+-------+-------++-------
Melee: Flail             |    61 |   130 |    78 ||   269
       Headbutt          |     9 |    27 |    13 ||    49
  Use: Scroll            |       |     8 |     2 ||    10
       Potion            |       |     1 |       ||     1
Armor: Scale mail        |     5 |       |       ||     5
       Swamp dragon scal |    13 |    65 |    43 ||   121
Dodge: Dodged            |    25 |    62 |    60 ||   147
Block: Buckler           |    14 |    34 |    16 ||    64

Table legend: (Time is in decaauts)
 A = Elapsed time spent in this place.
 B = Non-inter-level travel time spent in this place.
 C = Inter-level travel time spent in this place.
 D = Time resting spent in this place.
 E = Time spent auto-exploring this place.
 F = Levels seen in this place.
 G = Mean time per level.
                   A        B        C        D        E       F      G
               +--------+--------+--------+--------+--------+-----+--------+
         Total |   5338 |   5190 |    148 |    406 |   3959 |   7 |  762.6 |
       Dungeon |   4910 |   4788 |    122 |    406 |   3572 |   6 |  818.3 |
        Temple |    427 |    401 |     26 |      0 |    387 |   1 |  427.0 |
               +--------+--------+--------+--------+--------+-----+--------+

Top non-repeatable levels by time:
     D:5: 1430 daAuts
     D:1: 1202 daAuts
     D:2: 808 daAuts
     D:3: 702 daAuts
     D:4: 697 daAuts
  Temple: 427 daAuts
     D:6: 70 daAuts
